 Dungeon Crawl Stone Soup version 0.31-a0-1161-g593ecc88b7 (webtiles) character file.

Game seed: 4548068168561232551

103529 tilp the Unseen (level 15, -2/106 (122) HPs)
             Began as a Vampire Enchanter on Dec 8, 2023.
             Was the Champion of Wu Jian.
             Slain by a pharaoh ant (6 damage)
             ... on level 2 of the Lair of Beasts.
             The game lasted 01:05:11 (29696 turns).

tilp the Unseen (Vampire Enchanter)                Turns: 29696, Time: 01:05:12

HP:   -2/106 (122)  AC: 11    Str:  7    XL:     15   Next: 89%
MP:   22/28         EV: 19    Int: 24    God:    Wu Jian [******]
Gold: 1315          SH: 10    Dex: 19    Spells: 4/32 levels left

rFire   + + +        a - +4 dagger (protect)
rCold   + + .        w - +0 buckler
rNeg    . . .        i - +2 robe {rC+}
rPois   +            P - +1 helmet
rElec   .            Q - scarf {rC+ rF+}
rCorr   .            q - +0 pair of gloves {Dex+3}
SInv    +            j - +2 pair of boots
Will    +....        e - amulet "Finorchu" {Reflect Drain rF++ SH+5}
Stlth   ++++++       p - ring of poison resistance
HPRegen 0.57/turn    y - ring of the Mage {Wiz Archmagi}
MPRegen 0.21/turn

%: reflection, wizardry (x1), archmagi
@: healing quickly, heavily drained
A: alive, fangs 3, see invisible, vampiric 2
a: Exsanguinate, Renounce Religion, Wall Jump, Serpent's Lash, Heavenly Storm


You were on level 2 of the Lair of Beasts.
You worshipped Wu Jian.
Wu Jian was exalted by your worship.
You visited 5 branches of the dungeon, and saw 24 of its levels.
You also visited: Bailey and Volcano.

You collected 2932 gold pieces.
You spent 1617 gold pieces at shops.

Inventory:

Hand Weapons
 a - a +4 dagger of protection (weapon)
 b - a +3 dagger of draining
Missiles
 g - 4 atropa-tipped darts
 u - 40 boomerangs
 v - 5 throwing nets
 F - 76 poisoned darts (quivered)
 H - 6 curare-tipped darts
 Y - 6 silver javelins
Armour
 f - the orb of Midwinter {guile, Regen+}
   (You acquired it on level 2 of the Dungeon)

   Regen+:    It increases your rate of health regeneration.
 i - a +2 robe of cold resistance (worn)
 j - a +2 pair of boots (worn)
 q - a +0 pair of gloves of dexterity (worn)
 w - a +0 buckler (worn)
 B - a +0 cloak
 P - a +1 helmet (worn)
 Q - a scarf of resistance (worn)
Jewellery
 e - the amulet "Finorchu" (around neck) {Reflect Drain rF++ SH+5}
   (You acquired it in a bailey)

   [amulet of reflection]

   Reflect:   It reflects blocked missile attacks.
   rF++:      It greatly protects you from fire.
   Drain:     It drains your maximum health when unequipped.
   SH+5:      It affects your SH (+5).
 p - a ring of poison resistance (left hand)
 y - the ring of the Mage (right hand) {Wiz Archmagi}
   (You bought it in a shop on level 3 of the Dungeon)

   [ring of wizardry]

   Wiz:       It improves your spell success rate.
   Archmagi:  It increases the power of your magical spells.
 G - a ring of protection from fire
 V - a ring of protection from cold
Wands
 d - a wand of quicksilver (8)
 o - a wand of mindburst (4)
 r - a wand of roots (17)
 t - a wand of polymorph (8)
 A - a wand of flame (37)
 E - a wand of digging (4)
 K - a wand of charming (28)
Scrolls
 m - 4 scrolls of teleportation
 D - 2 scrolls of fear
 L - a scroll of revelation
 M - 2 scrolls of enchant weapon
 O - 4 scrolls of amnesia
 T - 4 scrolls of fog
 U - 2 scrolls of blinking
 W - a scroll of identify
 X - 2 scrolls of poison
 Z - 2 scrolls of vulnerability
Potions
 c - 7 potions of invisibility
 h - 5 potions of brilliance
 k - 3 potions of attraction
 n - 10 potions of curing
 s - a potion of cancellation
 x - 2 potions of heal wounds
 z - 3 potions of lignification
 C - 2 potions of ambrosia
 I - 4 potions of haste
 J - 3 potions of berserk rage
 N - 3 potions of magic
 S - 3 potions of mutation
Miscellaneous
 l - a phantom mirror
 R - a lightning rod (4/4)


   Skills:
 * Level 12.3 Fighting
 - Level 10.0 Short Blades
 - Level 5.5 Armour
 + Level 12.2 Dodging
 + Level 15.3 Stealth
 + Level 1.6 Shields
 + Level 9.2 Spellcasting
 - Level 4.0 Conjurations
 + Level 15.2 Hexes
 - Level 4.0 Summonings
 - Level 4.0 Transmutations
 - Level 2.0 Ice Magic
 + Level 8.2 Evocations


You had 4 spell levels left.
You knew the following spells:

 Your Spells              Type           Power      Damage    Failure   Level
a - Ensorcelled Hibernat  Hex/Ice        100%       N/A       1%          2
b - Confusing Touch       Hex            90%        N/A       1%          3
c - Tukima's Dance        Hex            90%        N/A       1%          3
d - Dazzling Flash        Conj/Hex       100%       N/A       1%          3
e - Summon Mana Viper     Hex/Summ       72%        N/A       1%          5
f - Enfeeble              Hex            45%        N/A       6%          7
g - Yara's Violent Unrav  Hex/Tmut       36%        3d15      1%          5

Your spell library contained the following spells:

 Spells                   Type           Power      Damage    Failure   Level
 Slow                     Hex            100%       N/A       0%          1
 Foxfire                  Conj/Fire      100%       2x1d9     1%          1
 Freeze                   Ice            100%       1d10      1%          1
 Shock                    Conj/Air       100%       1d9       1%          1
 Jinxbite                 Hex            100%       N/A       1%          2
 Wereblood                Tmut           45%        N/A       1%          2
 Inner Flame              Hex/Fire       64%        N/A       1%          3
 Sigil of Binding         Hex            90%        N/A       1%          3
 Summon Guardian Golem    Hex/Summ       72%        N/A       1%          3
 Cause Fear               Hex            45%        N/A       1%          4
 Dimensional Bullseye     Hex/Tloc       32%        N/A       1%          4
 Leda's Liquefaction      Hex/Erth       32%        N/A       1%          4
 Passwall                 Tmut/Erth      25%        N/A       2%          2
 Call Canine Familiar     Summ           45%        N/A       2%          3
 Hailstorm                Conj/Ice       38%        3d9       3%          3
 Sandblast                Erth           32%        2d9       4%          1
 Frozen Ramparts          Ice            60%        1d10      4%          3
 Stone Arrow              Conj/Erth      60%        3d10      4%          3
 Sublimation of Blood     Necr           16%        N/A       6%          2
 Gell's Gravitas          Tloc           16%        N/A       12%         3
 Swiftness                Air            16%        N/A       12%         3
 Vampiric Draining        Necr           16%        2d7       12%         3
 Volatile Blastmotes      Fire/Tloc      32%        2d12      12%         3
 Brom's Barrelling Bould  Conj/Erth      30%        2d5       16%         4
 Flame Wave               Conj/Fire      30%        2d9       16%         4
 Sticky Flame             Conj/Fire      30%        2d5       16%         4
 Airstrike                Air            8%         2d(2-18)  34%         4
 Animate Dead             Necr           16%        N/A       34%         4
 Olgreb's Toxic Radiance  Pois           16%        N/A       34%         4
 Passage of Golubria      Tloc           16%        N/A       34%         4
 Metabolic Englaciation   Hex/Ice        34%        N/A       3%          5
 Arcjolt                  Conj/Air       15%        1d25      41%         5
 Fireball                 Conj/Fire      15%        3d8       41%         5
 Summon Forest            Summ/Tloc      15%        N/A       41%         5
 Discord                  Hex            45%        N/A       41%         8
 Borgnjor's Vile Clutch   Necr/Erth      8%         N/A       67%         5
 Lee's Rapid Deconstruct  Erth           8%         3d7*      67%         5
 Summon Cactus Giant      Summ           22%        N/A       69%         6
 Bombard                  Conj/Erth      15%        9d3       91%         6
 Starburst                Conj/Fire      15%        6d6       91%         6
 Death Channel            Necr           8%         N/A       99%         6
 Plasma Beam              Fire/Air       8%         2x1d18    99%         6
 Summon Hydra             Summ           22%        N/A       99%         7
 Ignition                 Fire           8%         3d5       100%        8
 Maxwell's Capacitive Co  Air            8%         ∞         100%        8
 Chain Lightning          Conj/Air       15%        3d20      100%        9
 Dragon's Call            Summ           22%        N/A       100%        9


Dungeon Overview and Level Annotations

Branches:
Dungeon (15/15)            Temple (1/1) D:5            Lair (5/5) D:11
 Shoals (0/4) Lair:2       Spider (1/4) Lair:2        Slime (0/5) Lair:5
    Orc (2/2) D:10            Elf (0/3) Orc:2        Vaults (0/5) D:13
 Depths (0/4) D:15         Bailey (visited)         Volcano (visited)

Altars:
Ashenzari
Cheibriados
Dithmenos
Fedhas
Gozag
Hepliaklqana
Kikubaaqudgha
Makhleb
Nemelex Xobeh
Okawaru
Qazlal
Ru
Sif Muna
Trog
Uskayaw
Vehumet
Wu Jian
Xom
Yredelemnul
Lugonu

Shops:
D:3 (=([(   D:8 =   Orc:2 [(:*

Portals:
Abyss: D:7

Annotations:
D:12 1 runed translucent door, Vorhees's ghost, journeyman OpCj
D:15 frost giant! vault


Innate Abilities, Weirdness & Mutations

Your natural rate of healing is accelerated.
You have razor-sharp teeth.
You have supernaturally acute eyesight. (SInv)
You are afflicted with vampirism and can become a bat while bloodless.


Message History

You assume a fearsome visage.
The meliai looks frightened!
The jumping spider looks frightened!
The pharaoh ant is unaffected.
The tarantella easily resists.
The tarantella looks frightened!
The jumping spider leaps!
The tarantella closely misses you. The pharaoh ant closely misses you.
The tarantella barely misses you.
Unknown command.
Unknown command.
Unknown command.
Casting: Confusing Touch (safe; 1% risk of failure)
Confirm with . or Enter, or press ? or * to list all spells.
Aiming: Ensorcelled Hibernation (safe; 1% risk of failure)
Press: ? - help, Shift-Dir - straight line, f - tarantella
Aim: a tarantella (chance to confuse on hit: 84%, chance to affect: 71%)
You feel a surge of power!
The tarantella looks drowsy...
The pharaoh ant bites you!!
* * * LOW HITPOINT WARNING * * *
The pharaoh ant completely misses you.
The helpless tarantella fails to defend itself.
You hit the tarantella but do no damage.
The tarantella appears confused.
You bite the tarantella.
The tarantella is lightly wounded.
The tarantella touches you but does no damage.
The tarantella barely misses itself.
Unknown command.
You feel much better. The pharaoh ant bites you.
* * * LOW HITPOINT WARNING * * *
You feel drained.
* * * LOW HITPOINT WARNING * * *
The pharaoh ant bites you.
* * * LOW HITPOINT WARNING * * *
The jumping spider leaps!
Casting: Ensorcelled Hibernation (safe; 1% risk of failure)
Confirm with . or Enter, or press ? or * to list all spells.
Casting: Dazzling Flash (safe; 1% risk of failure)
Press: ? - help, Dir - look around, f - activate You feel a surge of power!
The tarantella is dazzled.
The pharaoh ant bites you!!
* * * LOW HITPOINT WARNING * * *
You feel drained.
You die...

##.....##....#.#.#.#....###..#...
#.P...##........#....^...#.......
.......#.^.....#.#.#.....##..#...
.......###†..##.#.#.....##...[...
P.♣.....####.#....#.##.##........
.........# ###.....###...........
.........#####.s.s.###...........
........#..P###B...##........#...
P............##.@####)##..P#.#...
..♣...........####...............
♣♣...............................
.................................
.................................
.....##.#.###.#..................
.....###### ###....####.#.......P
......####### #....####..##.....#
.....##.....# #...#....>..##....#


You could see a pharaoh ant, a jumping spider and a tarantella (confused,
blind).

Vanquished Creatures
  2 orc warlords
  An ironbound preserver (D:13)
  A minotaur (D:11)
  Snorg (D:10)
  2 fire dragons
  A yaktaur captain (D:15)
  Harold (Lair:1)
  Erolcha (D:9)
  7 hydras
  A catoblepas (D:13)
  An ice dragon (Lair:5)
  3 centaur warriors
  5 boulder beetles
  3 two-headed ogres
  The ghost of Dirtsage the Geomancer, a journeyman GrEE of Vehumet (D:11)
  9 death yaks
  An orc high priest (Orc:2)
  A tengu warrior (D:15)
  Nergalle (Orc:2)
  2 skysharks (Lair:2)
  Sonja (Lair:2)
  Amaemon (D:9)
  A swamp dragon (Lair:5)
  An arcanist (D:11)
  5 lindwurms
  Pikel (D:5)
  5 orc knights
  A deep elf pyromancer (D:14)
  7 cyclopes
  5 manticores
  2 orc sorcerers
  22 ugly things
  A black mamba (shapeshifter) (D:13)
  Joseph (D:9)
  3 kobold blastminers (Orc:2)
  An eye of devastation (Lair:5)
  4 elephants (Lair:5)
  4 black mambas
  5 smoke demons (Volcano)
  6 torpor snails
  11 cane toads
  2 gargoyles
  Maggie (Lair:2)
  An orange demon (D:9)
  6 kobold demonologists
  7 komodo dragons
  8 rime drakes
  A tengu conjurer (D:13)
  5 yaktaurs
  A freezing wraith (D:15)
  3 polar bears
  7 trolls
  4 tyrant leeches (Lair:5)
  A merfolk (Lair:2)
  Grinder (D:5)
  14 hornets
  3 blink frogs (Lair:3)
  Prince Ribbit (D:9)
  4 dream sheep (Lair:4)
  A glass eye (Lair:5)
  10 slime creatures
  3 shadows
  5 culicivoras (Lair:2)
  6 wraiths
  46 yaks
  Grum (Lair:1)
  4 wyverns
  4 basilisks
  6 vampire mosquitoes
  4 steam dragons
  A warg (Orc:2)
  Edmund (D:5)
  5 acid dragons
  2 hell hounds (Volcano)
  13 water moccasins
  A meliai simulacrum (D:10)
  3 swamp drakes (Lair:5)
  An ice beast (D:7)
  8 black bears
  36 orc warriors
  5 ogres
  10 wolves (Lair:1)
  8 centaurs
  2 lemures (D:5)
  2 phantoms
  6 kobold brigands
  18 bullfrogs
  2 gnoll sergeants
  4 scorpions
  7 wights
  23 killer bees
  An electric eel (Lair:2)
  The ghost of Stil the Insei, a weakling DsSh (D:3)
  5 howler monkeys
  5 hounds
  Crazy Yiuf (D:5)
  25 orc priests
  2 jellies
  2 gnoll boudas
  3 sleepcaps
  Natasha (thrice) (D:3)
  8 iguanas
  30 orc wizards
  11 gnolls
  10 adders
  A shadow imp (D:6)
  A white imp (D:4)
  2 worms
  4 dart slugs
  74 orcs
  16 ball pythons
  A bat (D:1)
  11 endoplasms
  3 giant cockroaches
  21 goblins
  12 hobgoblins
  43 kobolds
  6 quokkas
  2 frilled lizards
  9 rats
  A lurking horror (D:7)
765 creatures vanquished.

Vanquished Creatures (collateral kills)
  An orc warrior (Orc:2)
  Blork the orc (Orc:2)
  9 wights
  An orc wizard (D:5)
  3 orcs
15 creatures vanquished.

Vanquished Creatures (others)
  3 dancing weapons
  2 orc wizards
5 creatures vanquished.

Grand Total: 785 creatures vanquished

Notes
Turn   | Place    | Note
-------+----------+-------------------------------------------
     0 | D:1      | tilp the Vampire Enchanter began the quest for the Orb.
     0 | D:1      | Reached XP level 1. HP: 13/13 MP: 3/3
   183 | D:1      | Reached XP level 2. HP: 4/20 MP: 5/5
   406 | D:1      | Learned a level 2 spell: Ensorcelled Hibernation
   442 | D:1      | Reached skill level 1 in Fighting
   510 | D:1      | Gained mutation: You are afflicted with vampirism and can
                  | become a bat while bloodless. [Vampire growth]
   510 | D:1      | Reached XP level 3. HP: 26/26 MP: 6/6
   517 | D:1      | Learned a level 3 spell: Confusing Touch
   779 | D:2      | Identified a scroll of acquirement
   779 | D:2      | Acquired the orb of Midwinter {guile, Regen+}
  1204 | D:2      | Found a faded altar of an unknown god.
  1382 | D:2      | Reached XP level 4. HP: 32/32 MP: 7/7
  1688 | D:3      | Found Oppybb's Antique Armour Shoppe.
  1721 | D:3      | Bought a runed robe for 74 gold pieces
  1800 | D:3      | Noticed Natasha
  1817 | D:3      | Killed Natasha
  1818 | D:3      | Reached skill level 5 in Stealth
  1907 | D:3      | Reached skill level 5 in Hexes
  1907 | D:3      | Reached skill level 1 in Ice Magic
  1907 | D:3      | Reached XP level 5. HP: 38/38 MP: 5/8
  2068 | D:3      | Found Duotiz's Jewellery Shop.
  2100 | D:3      | Found Anegg's Weapon Shop.
  2150 | D:3      | Found a runed translucent door.
  2154 | D:3      | Noticed Stil's ghost (weakling DsSh)
  2165 | D:3      | Found Dupurugon's Antique Weapon Boutique.
  2179 | D:3      | Got the Anthology of the Boar
  2218 | D:3      | Found a runed translucent door.
  2314 | D:3      | Noticed Natasha
  2329 | D:3      | Killed Natasha
  2482 | D:3      | Found Jooc's Weapon Shoppe.
  2542 | D:3      | Noticed Natasha
  2554 | D:3      | Killed Natasha
  2722 | D:3      | Reached XP level 6. HP: 46/46 MP: 6/10
  2744 | D:3      | Killed Stil's ghost
  3372 | D:3      | Bought a pair of gloves for 90 gold pieces
  3403 | D:5      | Entered Level 5 of the Dungeon
  3481 | D:4      | Learned a level 3 spell: Tukima's Dance
  3828 | D:4      | Reached XP level 7. HP: 51/51 MP: 8/11
  4121 | D:5      | Reached skill level 1 in Evocations
  4329 | D:5      | Noticed Pikel
  4367 | D:5      | Killed Pikel
  4368 | D:5      | Reached skill level 5 in Short Blades
  4368 | D:5      | Reached XP level 8. HP: 30/60 MP: 1/13
  4373 | D:5      | Learned a level 3 spell: Dazzling Flash
  5055 | D:5      | Found a runed translucent door.
  5056 | D:5      | Noticed Crazy Yiuf
  5233 | D:5      | Noticed Edmund
  5243 | D:5      | Killed Edmund
  5437 | D:5      | Noticed Grinder
  5444 | D:5      | Paralysed by Grinder for 3 turns
  5458 | D:5      | Killed Grinder
  5829 | D:5      | Reached skill level 5 in Fighting
  6010 | D:5      | Found a staircase to the Ecumenical Temple.
  6019 | Temple   | Entered the Ecumenical Temple
  6038 | Temple   | Became a worshipper of the Wu Jian Council
  6100 | D:5      | Found a shimmering blue altar of Sif Muna.
  6107 | D:5      | Found a hazy altar of Hepliaklqana.
  6295 | D:5      | Killed Crazy Yiuf
  6383 | D:5      | Reached XP level 9. HP: 65/68 MP: 12/15
  7343 | D:6      | Reached * piety under Wu Jian
  7563 | D:6      | Found a burning altar of Makhleb.
  7821 | D:6      | Reached skill level 5 in Spellcasting
  7943 | D:7      | Found a one-way gate to the infinite horrors of the Abyss.
  7943 | D:7      | Found a corrupted altar of Lugonu.
  8553 | D:7      | Reached ** piety under Wu Jian
  8662 | D:7      | Reached XP level 10. HP: 76/76 MP: 17/17
  8787 | D:7      | Reached skill level 10 in Stealth
  9086 | D:7      | Identified the +0 pearl dragon scales of Ru's Generosity
                  | {rC++ rN+ Stlth-}
  9114 | D:7      | Reached skill level 10 in Short Blades
  9764 | D:8      | Reached *** piety under Wu Jian
  9774 | D:8      | Noticed a two-headed ogre
  9782 | D:8      | Killed a two-headed ogre
  9783 | D:8      | Reached skill level 1 in Armour
  9783 | D:8      | Reached skill level 1 in Conjurations
 10051 | D:8      | Found Cecin's One-of-a-Kind Rings.
 10435 | D:9      | Noticed Joseph
 10438 | D:9      | Killed Joseph
 10439 | D:9      | Reached skill level 5 in Dodging
 10488 | D:9      | Noticed an orange demon
 10491 | D:9      | Noticed Amaemon
 10491 | D:9      | Killed an orange demon
 10493 | D:9      | Killed Amaemon
 10494 | D:9      | Reached XP level 11. HP: 83/83 MP: 17/19
 11271 | D:9      | Reached **** piety under Wu Jian
 11548 | D:9      | Reached skill level 10 in Hexes
 11906 | D:9      | Noticed Erolcha
 11916 | D:9      | Killed Erolcha
 12008 | D:9      | Noticed Prince Ribbit
 12010 | D:9      | Killed Prince Ribbit
 12103 | D:10     | Entered Level 10 of the Dungeon
 12103 | D:10     | Noticed Snorg
 12133 | D:10     | Found a flagged portal.
 12153 | Bailey   | Entered a bailey
 12158 | Bailey   | Noticed an orc warlord
 12400 | Bailey   | Found a runed translucent gate.
 12416 | Bailey   | Found a runed translucent gate.
 12418 | Bailey   | Found a runed translucent gate.
 12621 | Bailey   | Killed an orc warlord
 12942 | D:10     | Reached ***** piety under Wu Jian
 13427 | D:10     | Reached XP level 12. HP: 82/92 MP: 9/21
 13574 | D:10     | Found a staircase to the Orcish Mines.
 13926 | D:10     | Killed Snorg
 14129 | D:11     | Noticed a two-headed ogre
 14131 | D:11     | Killed a two-headed ogre
 14184 | D:11     | Noticed a two-headed ogre
 14352 | D:11     | Noticed a minotaur
 14357 | D:11     | Noticed Dirtsage's ghost (journeyman GrEE)
 14371 | D:11     | Found a runed translucent gate.
 14371 | D:11     | Found a runed translucent gate.
 14371 | D:11     | Found a runed translucent gate.
 14371 | D:11     | Noticed a boulder beetle
 14382 | D:11     | Noticed a death yak
 14383 | D:11     | Noticed a death yak
 14383 | D:11     | Noticed a death yak
 14397 | D:11     | Noticed a death yak
 14408 | D:11     | Killed a death yak
 14421 | D:11     | Killed a death yak
 14424 | D:11     | Noticed a death yak
 14427 | D:11     | Killed a death yak
 14428 | D:11     | Noticed a death yak
 14432 | D:11     | Noticed a death yak
 14433 | D:11     | Noticed a death yak
 14587 | D:11     | Noticed a centaur warrior
 14607 | D:11     | Noticed a five-headed hydra
 14718 | D:11     | Found a staircase to the Lair.
 14840 | D:11     | Killed a death yak
 14849 | D:11     | Killed a death yak
 14859 | D:11     | Killed a death yak
 14869 | D:11     | Killed a death yak
 14875 | D:11     | Killed a death yak
 14987 | D:11     | Killed a centaur warrior
 14988 | D:11     | Reached skill level 10 in Fighting
 14988 | D:11     | Reached skill level 5 in Armour
 15095 | D:11     | Killed a five-headed hydra
 15150 | D:11     | Killed a two-headed ogre
 15198 | D:11     | Killed a minotaur
 15199 | D:11     | Reached XP level 13. HP: 103/103 MP: 20/23
 15220 | D:11     | Killed Dirtsage's ghost
 15401 | D:11     | Identified the amulet "Arihiule" {Faith -Cast Str+3 Dex+4
                  | Stlth+}
 15692 | D:3      | Bought a ring of poison resistance for 260 gold pieces
 15931 | Lair:1   | Entered Level 1 of the Lair of Beasts
 16062 | Lair:1   | Got the Volume of Fulgurous Peregrination
 16207 | Lair:1   | Noticed Grum
 16215 | Lair:1   | Killed Grum
 16324 | Lair:1   | Noticed Harold
 16330 | Lair:1   | Killed Harold
 16992 | Lair:2   | Found a hole to the Spider Nest.
 17118 | Lair:2   | Noticed Sonja
 17123 | Lair:2   | Killed Sonja
 17587 | Lair:2   | Reached skill level 5 in Evocations
 17617 | Lair:2   | Reached ****** piety under Wu Jian
 17698 | Lair:2   | Noticed Maggie
 17704 | Lair:2   | Killed Maggie
 17905 | Lair:2   | Found a staircase to the Shoals.
 18517 | Lair:3   | Reached XP level 14. HP: 113/113 MP: 18/25
 18630 | Lair:3   | Reached skill level 10 in Dodging
 19885 | Lair:5   | Entered Level 5 of the Lair of Beasts
 20010 | Lair:5   | Found a dark tunnel.
 20030 | Volcano  | Entered a volcano
 20820 | Lair:5   | Found a staircase to the Slime Pits.
 21236 | Lair:5   | Learned a level 5 spell: Summon Mana Viper
 21815 | Lair:5   | Reached skill level 1 in Summonings
 22147 | Lair:5   | Learned a level 7 spell: Enfeeble
 22501 | D:3      | Bought the ring of the Mage {Wiz Archmagi} for 663 gold
                  | pieces
 22501 | D:3      | Found the ring of the Mage {Wiz Archmagi}
 22688 | Orc:1    | Entered Level 1 of the Orcish Mines
 23199 | Orc:2    | Entered Level 2 of the Orcish Mines
 23787 | Orc:2    | Reached XP level 15. HP: 115/120 MP: 17/27
 23862 | Orc:2    | Paralysed by an orc sorcerer for 2 turns
 24023 | Orc:2    | Noticed Blork the orc
 24030 | Orc:2    | Killed Blork the orc
 24303 | Orc:2    | Noticed Nergalle
 24587 | Orc:2    | Killed Nergalle
 24761 | Orc:2    | Found Wocorup's Antique Weapon Shop.
 24899 | Orc:2    | Found Koxian's Book Shop.
 24930 | Orc:2    | Found a staircase to the Elven Halls.
 24954 | Orc:2    | Found Vidimix's General Store.
 24968 | Orc:2    | Found Hipip's Antique Armour Shop.
 25021 | Orc:2    | Bought a warped cloak for 218 gold pieces
 25021 | Orc:2    | Identified the +1 cloak "Gofelo" {rC- rN+ Int+4} (You
                  | bought it in a shop on level 2 of the Orcish Mines)
 25021 | Orc:2    | Bought a pair of runed gloves for 172 gold pieces
 25037 | Orc:2    | Acquired the amulet "Finorchu" {Reflect Drain rF++ SH+5}
 25068 | Orc:2    | Bought a scroll of teleportation for 42 gold pieces
 25068 | Orc:2    | Bought a potion of curing for 42 gold pieces
 25068 | Orc:2    | Bought a scroll of fog for 56 gold pieces
 25498 | D:12     | Reached skill level 15 in Stealth
 25531 | D:12     | Found a runed translucent door.
 25562 | D:12     | Noticed Vorhees's ghost (journeyman OpCj)
 26128 | D:13     | Learned a level 5 spell: Yara's Violent Unravelling
 26244 | D:13     | Reached skill level 1 in Transmutations
 26761 | D:13     | Found a gate to the Vaults.
 27319 | D:13     | Found a gate to the Vaults.
 27745 | D:14     | Reached skill level 15 in Hexes
 28135 | D:15     | Entered Level 15 of the Dungeon
 28541 | D:15     | Reached skill level 1 in Shields
 28949 | D:15     | Found a staircase to the Depths.
 29130 | D:15     | Found a basalt altar of Yredelemnul.
 29131 | D:15     | Found a burning altar of Makhleb.
 29131 | D:15     | Found a radiant altar of Vehumet.
 29160 | D:15     | Noticed a frost giant
 29174 | D:15     | HP: 6/121 [frost giant/+1 battleaxe of freezing (2)]
 29175 | D:15     | HP: 2/121 [frost giant/bolt of cold (5)]
 29603 | Spider:1 | Entered Level 1 of the Spider Nest
 29696 | Lair:2   | HP: 4/111 [pharaoh ant (25)]
 29696 | Lair:2   | Slain by a pharaoh ant

Illustrated notes

Levels and vault maps discovered:
D:1:      onia_arrival_pyramid, layout_rooms
D:2:      layout_loops_cross, hellmonk_ecumenical_altar_inner_sanctum
D:3:      layout_loops_ring, ebering_ghost_sewer_f, serial_shops,
          nicolae_shop_pleasant_corner_grove, shop,
          nicolae_shop_bloodbath_and_beyond, shop, shop, st_stairs_2,
          grunt_ministairs_11, minmay_misc_feat_cross, uniq_natasha
D:4:      cheibrodos_greedy_goblins, layout_gridville, minmay_vboxes
D:5:      layout_layer_cave, mainiacjoe_overflow_big_doors,
          lemuel_temple_firewalk_a, uniq_crazy_yiuf_cottage, uniq_edmund,
          uniq_grinder, uniq_pikel
D:6:      layout_loops_corners, lemuel_round_altar, grunt_decor_junction,
          grunt_ministairs_9, kennysheep_generic_room_6
D:7:      minmay_octagon_keep, layout_basic, reono_crystal_passage,
          chequers_mini_garden, amcnicky_altar_lugonu_corruption
D:8:      layout_basic, nicolae_shop_unique_rings
D:9:      layout_stronghold, kennysheep_kite_vault, uniq_erolcha, uniq_joseph,
          uniq_amaemon, uniq_prince_ribbit1
D:10:     layout_irregular_city, hiddenorc1_lemuel, enter_bailey_5,
          lightli_fourway_metalbox, uniq_snorg
D:11:     layout_roguey, dpeg_lair_monsters, maelrawn_ghost_gauntlet_escape,
          minmay_fractal_squares_gapless_7
D:12:     layout_long_grid, ebering_ghost_inner_flame
D:13:     layout_basic, skrybe_vaults_entry_preservation, serial_rivers,
          chequers_serial_rivers_micro_e, chequers_serial_rivers_micro_e,
          chequers_serial_rivers_marsh, chequers_serial_rivers_micro_e
D:14:     layout_cave_pools, minmay_misc_feat_ornament
D:15:     hangedman_slaughterboxes
Temple:   nicolae_temple_bog_church
Lair:1:   layout_chaotic_city, grunt_megastairs_5, lemuel_fruit_fields,
          infiniplex_staircase_pool, uniq_harold, uniq_grum
Lair:2:   layout_regular_city, elwin_shoals_entry_rooms,
          hellmonk_spider_entry_life_and_decay,
          grunt_forest_small_clearing_treed, uniq_sonja, uniq_maggie
Lair:3:   layout_loops_ring, dreamdust_wasp_nest, infiniplex_staircase_pool_2,
          grunt_megastairs_4
Lair:4:   layout_roguey, serial_bayou_shore_b
Lair:5:   wormcave, layout_hall_layers, guppyfry_lair_end_dragon,
          minmay_slime_entry_eyes, enter_volcano_1, grunt_megastairs_2
Spider:1: layout_spider_delve
Orc:1:    layout_diamond_mine
Orc:2:    grunt_orc_cross, layout_diamond_mine

Skill      XL: |  1  2  3  4  5  6  7  8  9 10 11 12 13 14 15 |
---------------+----------------------------------------------+-----
Fighting       | 1 2 3 5 6 7 10 11 12 | 12.3
Short Blades   | 2 3 5 6 8 10 | 10.0
Stealth        | 5 6 7 9 10 11 12 13 14 15 | 15.3
Hexes          | 5 6 7 8 9 11 12 13 14 15 | 15.2
Ice Magic      | 1 2 |  2.0
Dodging        | 3 4 5 7 8 9 11 12 | 12.2
Spellcasting   | 3 4 5 6 7 8 9 |  9.2
Evocations     | 1 2 4 5 6 8 |  8.2
Armour         | 1 3 5 |  5.5
Conjurations   | 2 3 4 |  4.0
Summonings     | 2 4 |  4.0
Transmutations | 4 |  4.0
Shields        | 1 |  1.6

Action                     |  1- 3 |  4- 6 |  7- 9 | 10-12 | 13-15 || total
---------------------------+-------+-------+-------+-------+-------++-------
  Melee: Dagger            |   126 |   180 |   311 |   600 |   845 ||  2062
         Bite              |    10 |    13 |    42 |    64 |   101 ||   230
  Throw: Dart              |     6 |       |       |       |     1 ||     7
   Cast: Ensorcelled Hiber |     7 |    34 |    79 |   140 |   369 ||   629
         Confusing Touch   |       |     2 |    11 |    34 |    38 ||    85
         Tukima's Dance    |       |       |     1 |    19 |    12 ||    32
         Dazzling Flash    |       |       |     3 |    10 |    20 ||    33
 Invoke: Serpent's Lash    |       |       |       |       |     1 ||     1
Ability: Lunge             |       |       |    20 |    52 |    96 ||   168
         Whirlwind         |       |       |     2 |    16 |    49 ||    67
    Use: Scroll            |     5 |     4 |     7 |     4 |    15 ||    35
         Potion            |       |       |       |       |     3 ||     3
   Stab: Sleeping          |    20 |    34 |    55 |   113 |   290 ||   512
         Confused          |       |     3 |     8 |    36 |    44 ||    91
         Invisible         |       |       |       |    10 |    16 ||    26
         Distracted        |       |       |       |     1 |       ||     1
 Armour: Robe              |    44 |    72 |   145 |   212 |   410 ||   883
  Dodge: Dodged            |    57 |   114 |   179 |   318 |   560 ||  1228
  Block: Buckler           |    11 |       |       |       |    90 ||   101
         Reflection        |       |       |       |       |    11 ||    11

Table legend: (Time is in decaauts)
 A = Elapsed time spent in this place.
 B = Non-inter-level travel time spent in this place.
 C = Inter-level travel time spent in this place.
 D = Time resting spent in this place.
 E = Time spent auto-exploring this place.
 F = Levels seen in this place.
 G = Mean time per level.
                   A        B        C        D        E       F      G
               +--------+--------+--------+--------+--------+-----+--------+
         Total |  29247 |  26928 |   2319 |   3734 |  17095 |  26 | 1124.9 |
       Dungeon |  19723 |  18038 |   1685 |   1880 |  12722 |  15 | 1314.9 |
        Temple |     39 |      1 |     38 |      0 |      0 |   1 |   39.0 |
          Lair |   6158 |   5766 |    392 |   1035 |   3504 |   5 | 1231.6 |
   Spider Nest |      5 |      5 |      0 |      0 |      0 |   1 |    5.0 |
  Orcish Mines |   2385 |   2183 |    202 |    506 |    782 |   2 | 1192.5 |
        Bailey |    633 |    633 |      0 |    279 |     86 |   1 |  633.0 |
       Volcano |    302 |    302 |      0 |     34 |      0 |   1 |  302.0 |
               +--------+--------+--------+--------+--------+-----+--------+

Top non-repeatable levels by time:
     D:5: 2312 daAuts
  Lair:5: 1993 daAuts
     D:9: 1676 daAuts
     D:3: 1642 daAuts
   Orc:2: 1641 daAuts
     D:7: 1604 daAuts
    D:13: 1602 daAuts
     D:6: 1558 daAuts
    D:11: 1463 daAuts
    D:10: 1452 daAuts
  Lair:2: 1429 daAuts
     D:8: 1084 daAuts
     D:4: 1071 daAuts
    D:15: 1068 daAuts
  Lair:1: 963 daAuts
